 Dungeon Crawl Stone Soup version 0.30-a0-778-g2ef04afb54 (webtiles) character file.

Game seed: 16921976986140048876

254 BRD the Cudgeller (level 6, -13/49 HPs)
             Began as a Barachi Reaver on Feb 16, 2023.
             Mangled by an ogre
             ... wielding a +0 giant club
              (24 damage)
             ... on level 4 of the Dungeon.
             The game lasted 00:04:47 (2703 turns).

BRD the Cudgeller (Barachi Reaver)                  Turns: 2703, Time: 00:04:48

Health: -13/49     AC: 12    Str: 15    XL:     6   Next: 15%
Magic:  9/9        EV:  5    Int: 14    God:
Gold:   251        SH:  0    Dex: 10    Spells: 8/9 levels left

rFire   . . .      SeeInvis .    a - +0 mace
rCold   . . .      Faith    .    (no shield)
rNeg    . . .      Spirit   .    f - +0 plate armour
rPois   .          Reflect  .    (no helmet)
rElec   .          Harm     .    d - scarf {repulsion}
rCorr   .          Rampage  .    (no gloves)
Will    .....                    n - +0 pair of boots Stlth
                                 (no amulet)
HPRegen 0.28/turn                (no ring)
MPRegen 0.11/turn                (no ring)

@: unable to hop, repel missiles, slow
A: amphibious, slowness 1, strong legs 1, +LOS
a: Hop


You were on level 4 of the Dungeon.
You visited 1 branch of the dungeon, and saw 4 of its levels.

You collected 251 gold pieces.

Inventory:

Hand Weapons
 a - a +0 mace (weapon)
Missiles
 e - a poisoned dart (quivered)
Armour
 d - a scarf of repulsion (worn)
 f - a +0 plate armour (worn)
 n - a +0 pair of boots (worn)
Magical Staves
 k - a staff of poison
 r - a staff of fire
Scrolls
 i - a scroll of immolation {unknown}
 j - 4 scrolls of noise {unknown}
 l - 5 scrolls of identify {unknown}
 m - a scroll of torment {unknown}
 o - a scroll of poison {unknown}
Potions
 b - a potion of flight {unknown}
 c - 3 potions of curing {unknown}
 g - a potion of attraction {unknown}
 h - a potion of mutation {unknown}
 p - a potion of lignification {unknown}
 q - a potion of cancellation {unknown}


   Skills:
 + Level 4.5 Fighting
 + Level 4.8 Maces & Flails
 + Level 3.6 Armour
 - Level 3.0 Dodging
 - Level 2.1 Spellcasting
 - Level 3.2 Conjurations


You had 8 spell levels left.
You knew the following spells:

 Your Spells              Type           Power      Damage    Failure   Level
a - Kiss of Death         Conj/Necr      24%        2d7       100%        1

Your spell library contained the following spells:

 Spells                   Type           Power      Damage    Failure   Level
 Shock                    Conj/Air       24%        1d4       100%        1
 Lesser Beckoning         Tloc           2%         N/A       100%        2
 Momentum Strike          Conj/Tloc      12%        3d8       100%        2
 Gell's Gravitas          Tloc           1%         N/A       100%        3
 Hailstorm                Conj/Ice       6%         3d4       100%        3
 Swiftness                Air            1%         N/A       100%        3
 Teleport Other           Tloc           1%         N/A       100%        3
 Airstrike                Air            0%         2d(1-17)  100%        4


Dungeon Overview and Level Annotations

Branches:
Dungeon (4/15)
 Temple: D:4-7

Altars:


Innate Abilities, Weirdness & Mutations

You are amphibious.
You cover ground slowly.
You can hop short distances.
You have an extended range of vision and can be seen from far away.


Message History

You throw a poisoned dart. The poisoned dart hits the ogre.
The ogre is poisoned.
Throw: 5 darts (poison)
Press: ? - help, Q - select action, (/) - cycle Shift-Dir - straight line, f/p - ogre
Aim: an ogre, wielding a +0 giant club (poisoned, 73% to hit)
You throw a poisoned dart.
The poisoned dart closely misses the ogre.
Hop to where?
Press: ? - help, Dir - move target, p - ogre Boing!
Throw: 4 darts (poison)
Press: ? - help, Q - select action, (/) - cycle Shift-Dir - straight line, f - ogre
Aim: an ogre, wielding a +0 giant club (lightly wounded, poisoned, 73% to hit)
You throw a poisoned dart. The poisoned dart hits the ogre.
The ogre is lightly wounded.
Throw: 3 darts (poison)
Press: ? - help, Q - select action, (/) - cycle Shift-Dir - straight line, f/p - ogre
Aim: an ogre, wielding a +0 giant club (lightly wounded, poisoned, 73% to hit)
You throw a poisoned dart.
The poisoned dart closely misses the ogre.
Throw: 2 darts (poison)
Press: ? - help, Q - select action, (/) - cycle Shift-Dir - straight line, f/p - ogre
Aim: an ogre, wielding a +0 giant club (lightly wounded, poisoned, 73% to hit)
You throw a poisoned dart. The poisoned dart hits the ogre.
The ogre looks even sicker.
The ogre is lightly wounded.
You hit the ogre.
The ogre is moderately wounded.
The ogre hits you with a +0 giant club.
You hit the ogre but do no damage.
The ogre is moderately wounded.
The ogre hits you with a +0 giant club!!
You hit the ogre.
The ogre is severely wounded.
The ogre looks more healthy.
The ogre hits you with a +0 giant club!
* * * LOW HITPOINT WARNING * * *
You hit the ogre but do no damage.
The ogre is severely wounded.
The ogre hits you with a +0 giant club!!
You die...

#...# ((......
#...###(.......
#.....(........
#.................
#....(...........#
#................
#...(..........#
#...O..........###
#####@.............
#..................
#..................
#..........#....
###....#...#####
#....#...######
#....#........# ####
#....##.......###...
#.......)......##...


You could see an ogre.

Vanquished Creatures
  A howler monkey (D:2)
  A hound (D:4)
  Terence (D:3)
  6 adders
  4 worms
  4 dart slugs
  2 orcs
  8 ball pythons
  5 endoplasms
  6 giant cockroaches
  12 goblins
  5 hobgoblins
  5 jackals
  7 kobolds
  5 quokkas
  4 bats
  4 frilled lizards
  A rat (D:1)
81 creatures vanquished.

Notes
Turn   | Place    | Note
-------+----------+-------------------------------------------
     0 | D:1      | BRD the Barachi Reaver began the quest for the Orb.
     0 | D:1      | Reached XP level 1. HP: 17/17 MP: 3/3
    97 | D:1      | Reached XP level 2. HP: 16/23 MP: 5/5
   213 | D:1      | Reached skill level 1 in Armour
   465 | D:1      | Reached XP level 3. HP: 27/29 MP: 6/6
   829 | D:2      | Found a faded altar of an unknown god.
  1025 | D:2      | Reached XP level 4. HP: 35/35 MP: 7/7
  1195 | D:2      | Reached XP level 5. HP: 37/42 MP: 8/8
  1864 | D:3      | Noticed Terence
  1877 | D:3      | Killed Terence
  2292 | D:4      | Reached XP level 6. HP: 38/49 MP: 9/9
  2703 | D:4      | Mangled by an ogre

Illustrated notes

Levels and vault maps discovered:
D:1:      psy_arrival_heroes, layout_basic
D:2:      layout_loops_ring, ebering_ecumenical_altar_petrified, minmay_3d_cube
D:3:      layout_rooms, uniq_terence
D:4:      layout_basic

Skill      XL: |  1  2  3  4  5 |
---------------+----------------+-----
Armour         | 1 2 3 |  3.6
Fighting       | 3 4 |  4.5
Maces & Flails | 4 |  4.8
Dodging        | 3 |  3.0
Spellcasting   | |  2.1
Conjurations   | |  3.2

Action                     |  1- 3 |  4- 6 || total
---------------------------+-------+-------++-------
  Melee: Mace              |   132 |   178 ||   310
         Punch             |     2 |     2 ||     4
  Throw: Dart              |       |     8 ||     8
Ability: Hop               |       |     1 ||     1
 Armour: Leather armour    |     7 |       ||     7
         Plate armour      |   107 |   159 ||   266
  Dodge: Dodged            |    49 |    54 ||   103
         Repelled          |       |     1 ||     1

Table legend: (Time is in decaauts)
 A = Elapsed time spent in this place.
 B = Non-inter-level travel time spent in this place.
 C = Inter-level travel time spent in this place.
 D = Time resting spent in this place.
 E = Time spent auto-exploring this place.
 F = Levels seen in this place.
 G = Mean time per level.
                   A        B        C        D        E       F      G
               +--------+--------+--------+--------+--------+-----+--------+
         Total |   3120 |   2956 |    164 |     29 |   2246 |   4 |  780.0 |
       Dungeon |   3120 |   2956 |    164 |     29 |   2246 |   4 |  780.0 |
               +--------+--------+--------+--------+--------+-----+--------+

Top non-repeatable levels by time:
     D:2: 1103 daAuts
     D:1: 938 daAuts
     D:3: 586 daAuts
     D:4: 493 daAuts
